[Event "January 9 Early 2024"]
[Site "https://www.chess.com"]
[Date "2024.01.11"]
[Round "5"]
[White "Bashirli, Saadat"]
[Black "Franchini, Gabriele"]
[Result "1-0"]
[Board "260"]
[TimeControl "180+1"]
[WhiteFideId "13429990"]
[BlackFideId "806790"]
[WhiteElo "2413"]
[BlackElo "2230"]
[WhiteTeam "AZE"]
[BlackTeam "ITA"]
[WhiteClock "0:00:21"]
[BlackClock "0:00:11"]

1. e4 e6 2. d4 d5 3. Nc3 Nf6 4. Bg5 Be7 5. e5 Nfd7 6. Bxe7 Qxe7 7. Nb5 Nb6 8. c3 a6 9. Na3 c5 10. Nc2 Nc6 11. Bd3 Bd7 12. Nf3 h6 13. O-O c4 14. Be2 g5 15. b3 Na5 16. bxc4 Naxc4 17. Rb1 Ba4 18. Qc1 Bxc2 19. Qxc2 Na3 20. Qb3 Nxb1 21. Rxb1 Nc4 22. Bxc4 dxc4 23. Qxc4 O-O 24. Nd2 b5 25. Qd3 Rac8 26. Ne4 f5 27. exf6 Qh7 28. Re1 Kh8 29. Qh3 b4 30. Nd6 Rxc3 31. Qxe6 Rc2 32. f7 Rc6 33. Qe8 Rc8 34. Nxc8 Qxf7 35. Qxf7 Rxf7 36. Nd6 Rc7 37. g3 Rc2 38. Rb1 a5 39. Nb7 Rxa2 40. d5 Kg7 41. d6 Rd2 42. Nxa5 Rxd6 43. Rxb4 Rd1+ 44. Kg2 Rd6 45. Rb7+ Kg6 46. Rc7 Rd5 47. Rc6+ Kg7 48. Nc4 Rd4 49. Ne3 Rd2 50. Nf5+ Kg8 51. Nxh6+ Kh7 52. Nf5 g4 53. Rh6+ Kg8 54. Rg6+ Kf8 55. Rxg4 Rd5 56. Rf4 Ke8 57. Ne3 Ra5 58. h4 Ra7 59. h5 Rh7 60. g4 Rh6 61. Rf5 Rh8 62. Kg3 Rg8 63. Kh4 Rh8 64. g5 Rg8 65. h6 Rh8 66. Kh5 Ke7 67. g6 Ke8 68. g7 Rg8 69. h7 1-0

[Event "January 9 Early 2024"]
[Site "https://www.chess.com"]
[Date "2024.01.11"]
[Round "5"]
[White "Cardozo Munar, Carlos Eduardo"]
[Black "Tilahun , Abel Mathewos"]
[Result "1-0"]
[Board "261"]
[TimeControl "180+1"]
[WhiteFideId "4409477"]
[BlackFideId "15702391"]
[WhiteElo "2227"]
[BlackElo "2017"]
[WhiteTeam "COL"]
[BlackTeam "ETH"]
[WhiteClock "0:00:02"]
[BlackClock "0:00:01"]

1. d4 d5 2. c3 e6 3. Nf3 Bd6 4. Nbd2 Nf6 5. e3 O-O 6. Bd3 b6 7. Qe2 Bb7 8. e4 dxe4 9. Nxe4 Nxe4 10. Bxe4 Bxe4 11. Qxe4 Nd7 12. Bg5 Be7 13. h4 c5 14. Rd1 h6 15. dxc5 Qe8 16. cxb6 Nc5 17. Qc2 axb6 18. Bxe7 Qxe7 19. a3 e5 20. O-O e4 21. Rfe1 Qf6 22. Rxe4 Nxe4 23. Qxe4 Rad8 24. Rf1 Rfe8 25. Qb4 Re2 26. a4 Rde8 27. Qb5 g6 28. h5 g5 29. Nd4 R2e5 30. Qd3 Re1 31. Nf5 Rxf1+ 32. Kxf1 Re5 33. Ng3 Qe6 34. Qd2 Rd5 35. Qe2 Re5 36. Qd2 Rd5 37. Qe2 Re5 38. Qd1 Kg7 39. f3 Rd5 40. Qe2 Re5 41. Qd3 f5 42. Qd4 Kf7 43. Qd2 Qc6 44. Ne2 Qc4 45. Kf2 Qh4+ 46. Kg1 Qc4 47. Qd7+ Kf6 48. Qd8+ Re7 49. Nd4 1-0

[Event "January 9 Early 2024"]
[Site "https://www.chess.com"]
[Date "2024.01.11"]
[Round "5"]
[White "Klekowski, Maciej"]
[Black "Djokic, Mihailo"]
[Result "1/2-1/2"]
[Board "262"]
[TimeControl "180+1"]
[WhiteFideId "1132717"]
[BlackFideId "976440"]
[WhiteElo "2858"]
[BlackElo "2667"]
[WhiteTeam "POL"]
[BlackTeam "SRB"]
[WhiteClock "0:00:03"]
[BlackClock "0:00:02"]

1. c4 e5 2. Nc3 Nc6 3. g3 Bc5 4. Bg2 d6 5. e3 Bf5 6. d3 h5 7. h3 a6 8. Nge2 Ba7 9. O-O Qd7 10. Kh2 Nge7 11. e4 Be6 12. f4 f5 13. Nd5 O-O 14. Nec3 g6 15. fxe5 dxe5 16. Bg5 Kg7 17. Qd2 Ng8 18. exf5 Rxf5 19. Rxf5 Bxf5 20. Ne4 Rf8 21. Rf1 Nd4 22. Nef6 Rxf6 23. Nxf6 Nxf6 24. Bxf6+ Kxf6 25. g4 hxg4 26. hxg4 Qh7+ 27. Bh3 Ne6 28. gxf5 Nf4 29. Rxf4 exf4 30. Qxf4 g5 31. Qe4 Qe7 32. Qxe7+ Kxe7 33. Kg3 Bd4 34. b3 c5 35. Kf3 Bf6 36. Ke4 Kd6 37. Bg4 b6 38. Bh5 a5 39. Bf7 Bd4 40. Bd5 Be5 41. Kf3 Bf6 42. Kg4 Ke5 43. Be4 Kd4 44. Kh5 Kc3 45. Kg6 Bd8 46. f6 Kb2 47. Kxg5 Kxa2 48. Kf5 Bxf6 49. Kxf6 Kxb3 50. Bc6 a4 51. Bxa4+ Kxa4 52. Ke5 Kb4 53. Ke4 Kc3 54. Ke3 Kc2 55. Ke2 Kc3 56. Ke3 Kb3 57. Kd2 Kb2 58. Kd1 Kc3 59. Ke2 Kc2 60. Ke3 Kc3 61. Ke2 Kb4 62. Kd2 Kb3 63. Kd1 Kc3 64. Ke2 1/2-1/2

[Event "January 9 Early 2024"]
[Site "https://www.chess.com"]
[Date "2024.01.11"]
[Round "5"]
[White "Zhigalko, Sergei"]
[Black "Haring, Filip"]
[Result "1/2-1/2"]
[Board "263"]
[TimeControl "180+1"]
[WhiteFideId "13502956"]
[BlackFideId "14933080"]
[WhiteElo "2914"]
[BlackElo "2711"]
[WhiteTeam "BLR"]
[BlackTeam "SVK"]
[WhiteClock "0:00:11"]
[BlackClock "0:00:09"]

1. e4 c5 2. c3 Nf6 3. e5 Nd5 4. Nf3 Nc6 5. Bc4 Nb6 6. Bb3 d5 7. exd6 Qxd6 8. O-O Be6 9. Bxe6 Qxe6 10. a4 Qd7 11. a5 Nd5 12. a6 b6 13. d4 cxd4 14. Nxd4 Nxd4 15. Qxd4 e6 16. Rd1 Rd8 17. Na3 Nc7 18. Qxd7+ Rxd7 19. Rxd7 Kxd7 20. Nc4 f6 21. Be3 Kc6 22. b4 Be7 23. Kf1 Nd5 24. Bd2 Rc8 25. Na3 Nc7 26. c4 Rd8 27. Ke2 e5 28. Bc3 b5 29. Bd2 bxc4 30. Nxc4 Nd5 31. Na5+ Kb5 32. Rc1 Nxb4 33. Bxb4 Bxb4 34. Nc6 Rd7 35. Nxb4 Kxb4 36. Rb1+ Kc5 37. Ke3 f5 38. h3 g5 39. g4 fxg4 40. hxg4 Rd6 41. Rb7 Rxa6 42. Rxh7 Kd5 43. Rd7+ Ke6 44. Rh7 Ra3+ 45. Ke4 Ra4+ 46. Kf3 Rf4+ 47. Kg3 a5 48. Rh6+ Kf7 49. Rh5 Kg6 50. Rh8 a4 51. Re8 Kf6 52. Rf8+ Ke6 53. Re8+ Kf6 54. Rf8+ Ke6 55. Rg8 Kf6 56. f3 a3 57. Ra8 e4 58. Ra6+ Kg7 59. fxe4 Rxe4 60. Rxa3 Kf6 61. Rf3+ Rf4 62. Rxf4+ gxf4+ 63. Kxf4 Kg6 64. g5 Kg7 65. Kf5 Kf7 66. g6+ Kg7 67. Kg5 Kg8 68. Kh5 Kg7 69. Kg5 Kg8 70. Kf6 Kf8 71. g7+ Kg8 72. Kg6 1/2-1/2

[Event "January 9 Early 2024"]
[Site "https://www.chess.com"]
[Date "2024.01.11"]
[Round "5"]
[White "Nakamura, Hikaru"]
[Black "Drozdowski, Kacper"]
[Result "1-0"]
[Board "264"]
[TimeControl "180+1"]
[WhiteFideId "2016192"]
[BlackFideId "1136720"]
[WhiteElo "3267"]
[BlackElo "2978"]
[WhiteTeam "USA"]
[BlackTeam "POL"]
[WhiteClock "0:00:06"]
[BlackClock "0:00:08"]

1. g3 d5 2. Nf3 c6 3. Bg2 Bg4 4. h3 Bxf3 5. Bxf3 Nd7 6. d3 Ngf6 7. Nd2 e5 8. e4 dxe4 9. dxe4 Qc7 10. O-O Be7 11. Bg2 O-O 12. Qe2 Rad8 13. a4 Nc5 14. Nc4 Ne6 15. c3 Nd7 16. b4 g6 17. Bh6 Rfe8 18. h4 Bf8 19. Be3 Nb6 20. a5 Nxc4 21. Qxc4 Qb8 22. h5 a6 23. Bh3 Qd6 24. Rad1 Qxd1 25. Rxd1 Rxd1+ 26. Kg2 Bg7 27. h6 Bf6 28. Qb3 Rdd8 29. Bg4 Kf8 30. Bb6 Rd2 31. Be3 Rdd8 32. Qa2 Bg5 33. Qe2 Bxe3 34. Qxe3 Ke7 35. Qb6 Rd7 36. c4 Red8 37. b5 cxb5 38. cxb5 axb5 39. Qxb5 Kf6 40. Qb2 Ra8 41. Qc3 Rc7 42. Qb4 Rd8 43. Qb6 Rdd7 44. Qb2 Rd4 45. Qb6 Rdd7 46. Qa7 Kg5 47. Bxe6 fxe6 48. Qe3+ Kf6 49. Qf3+ Ke7 50. Qg4 Rc4 51. Qg5+ Kd6 52. Qd2+ Kc6 53. Qa2 Rdd4 54. a6 bxa6 55. Qxa6+ Kd7 56. Qb5+ Ke7 57. Qxe5 Rxe4 58. Qg7+ Kd6 59. Qxh7 Rc8 60. Qxg6 Rb4 61. g4 Rbb8 62. g5 Rg8 63. Qd3+ Ke7 64. f4 e5 65. Qe4 Kf7 66. Qf5+ Ke7 67. Qxe5+ Kd7 68. h7 Rh8 69. g6 Rhe8 70. Qxe8+ Rxe8 71. g7 1-0

[Event "January 9 Early 2024"]
[Site "https://www.chess.com"]
[Date "2024.01.11"]
[Round "5"]
[White "Rose, Felix"]
[Black "Crocker, Philip J"]
[Result "1-0"]
[Board "265"]
[TimeControl "180+1"]
[WhiteFideId "5105722"]
[BlackFideId "403180"]
[WhiteElo "2253"]
[BlackElo "2105"]
[WhiteTeam "MEX"]
[BlackTeam "ENG"]
[WhiteClock "0:00:12"]
[BlackClock "0:00:23"]

1. e4 c5 2. Nf3 g6 3. d4 cxd4 4. Nxd4 Bg7 5. c4 Nc6 6. Be3 Nf6 7. Nc3 d6 8. Be2 O-O 9. f3 Bd7 10. Qd2 Rc8 11. Rc1 a6 12. b3 Qa5 13. O-O Nxd4 14. Bxd4 b5 15. Rfd1 bxc4 16. Bxc4 Bb5 17. Nd5 Qd8 18. Bxf6 exf6 19. Bxb5 Rxc1 20. Rxc1 axb5 21. Rc8 Qd7 22. Rc7 Qe6 23. Qc2 f5 24. Re7 Qc8 25. Qxc8 Rxc8 26. exf5 gxf5 27. Rb7 Rc5 28. Nc7 Be5 29. Rb8+ Kg7 30. Nxb5 Rc1+ 31. Kf2 Rc2+ 32. Ke1 Rxa2 33. g3 Rxh2 34. f4 Bf6 35. Nxd6 Rg2 36. Ne8+ Kg6 37. Rb6 Rxg3 38. Rxf6+ Kh5 39. Rxf7 Rxb3 40. Nf6+ Kg6 41. Rf8 Rb4 42. Nd5 Rb2 43. Kf1 h5 44. Rf6+ Kg7 45. Rxf5 Kg6 46. Rg5+ Kh6 47. Ne3 h4 48. Nf5+ Kh7 49. Nxh4 Kh6 50. Nf5+ Kh7 51. Rg7+ Kh8 52. Rg4 Ra2 53. Ng3 Rb2 54. Ne2 Kh7 55. Kf2 Kh6 56. Kf3 Rb3+ 57. Ke4 Rb2 58. Nd4 Rb4 59. Rh4+ Kg6 60. f5+ Kf7 61. Rh7+ Kf6 62. Rh6+ Kf7 63. Ke5 Ra4 64. Rh7+ Kg8 65. Rc7 Ra5+ 66. Kf6 Ra6+ 67. Ne6 Ra8 68. Kg6 Kh8 69. Rh7+ Kg8 70. f6 Rf8 71. Nxf8 Kxf8 72. Rh8# 1-0

[Event "January 9 Early 2024"]
[Site "https://www.chess.com"]
[Date "2024.01.11"]
[Round "5"]
[White "Skliarov, Viktor"]
[Black "Mahdavi, Reza"]
[Result "1-0"]
[Board "266"]
[TimeControl "180+1"]
[WhiteFideId "14106736"]
[BlackFideId "12595926"]
[WhiteElo "2679"]
[BlackElo "2857"]
[WhiteTeam "UKR"]
[BlackTeam "IRI"]
[WhiteClock "0:00:07"]
[BlackClock "0:00:02"]

1. e4 c6 2. d4 d5 3. e5 Bf5 4. Nf3 e6 5. Be2 Nd7 6. O-O a5 7. a4 f6 8. Na3 fxe5 9. dxe5 Bc5 10. c3 Ne7 11. Nc2 O-O 12. b4 axb4 13. cxb4 Ba7 14. Ncd4 Qe8 15. Nxf5 Nxf5 16. Bb2 Qg6 17. Bd3 Qg4 18. Bc3 Nh4 19. Nxh4 Qxh4 20. g3 Qg5 21. Qe2 Rf7 22. Kg2 Raf8 23. f4 Qh6 24. h4 g6 25. a5 Qg7 26. a6 b6 27. Qg4 Re8 28. Rh1 Nf8 29. Rac1 c5 30. Bb5 Rd8 31. h5 gxh5 32. Qxg7+ Rxg7 33. Rxh5 Ng6 34. Kf3 Ne7 35. g4 d4 36. Bd2 Nd5 37. bxc5 bxc5 38. f5 Rb8 39. Bc4 Rb2 40. fxe6 Rxd2 41. Bxd5 Re7 42. Rb1 Rd3+ 43. Ke2 Re3+ 44. Kd2 c4 45. Bxc4 Rc3 46. Bd5 Rcc7 47. Rb7 Kg7 48. Rg5+ Kh6 49. Rf5 Kg6 50. Rf7 Rxb7 51. axb7 Rxf7 52. exf7 Kg7 53. Kd3 Kf8 54. Ke4 Ke7 55. e6 Kf8 56. Bc6 Ke7 57. Bb5 Bb8 58. Bc4 Ba7 59. Ke5 h6 60. Kd5 Bb8 61. Kxd4 Kf8 62. Kd5 Ke7 63. Kc6 Bh2 64. f8=Q+ Kxf8 65. Kd7 1-0

[Event "January 9 Early 2024"]
[Site "https://www.chess.com"]
[Date "2024.01.11"]
[Round "5"]
[White "Dahlgren, James Allen"]
[Black "Murthy, Pappu"]
[Result "1-0"]
[Board "267"]
[TimeControl "180+1"]
[WhiteFideId "22256873"]
[BlackFideId "2013401"]
[WhiteElo "2098"]
[BlackElo "1893"]
[WhiteTeam "ESP"]
[BlackTeam "USA"]
[WhiteClock "0:00:07"]
[BlackClock "0:00:06"]

1. d3 d5 2. f4 Nc6 3. Nf3 d4 4. g3 Nf6 5. Bg2 g6 6. O-O Bg7 7. Nbd2 O-O 8. a4 a5 9. Nc4 Be6 10. Nce5 Nxe5 11. Nxe5 c6 12. e4 dxe3 13. Bxe3 Nd5 14. Bf2 Qc7 15. Qe2 Rad8 16. Rae1 Nb4 17. b3 Bd5 18. Bc5 Bxg2 19. Qxg2 Nd5 20. Nc4 b6 21. Bf2 c5 22. Re4 e6 23. h4 h5 24. Kh1 Rd7 25. Ne5 Bxe5 26. Rxe5 Rfd8 27. Be1 Qb7 28. Qe2 Kg7 29. Kh2 Nf6 30. Bc3 Ng4+ 31. Kg1 Rd4 32. Bxd4 cxd4 33. Qe4 Qc7 34. Rb5 Qxc2 35. Qg2 Qxg2+ 36. Kxg2 Ne3+ 37. Kf2 Nxf1 38. Kxf1 Rd6 39. Ke2 Kf6 40. Kf3 Ke7 41. Ke4 Kd7 42. Ke5 Ke7 43. b4 f6+ 44. Ke4 axb4 45. Rxb4 Rd5 46. Rxd4 f5+ 47. Ke3 Ra5 48. Rb4 Ra6 49. Kd4 Kd6 50. Kc4 e5 51. Kb5 Ra8 52. Kxb6 Rb8+ 53. Ka5 Ra8+ 54. Kb5 Rb8+ 55. Kc4 Rxb4+ 56. Kxb4 e4 57. dxe4 fxe4 58. Kc4 Ke6 59. Kd4 Kf5 60. Ke3 Kg4 61. a5 Kxg3 62. a6 Kxh4 63. a7 Kg3 64. a8=Q h4 65. Qxe4 h3 66. Qh1 Kh4 67. Kf3 Kh5 68. Qxh3# 1-0

[Event "January 9 Early 2024"]
[Site "https://www.chess.com"]
[Date "2024.01.11"]
[Round "5"]
[White "Mekhitarian, Krikor Sevag"]
[Black "Mammadzada, Gunay"]
[Result "1-0"]
[Board "268"]
[TimeControl "180+1"]
[WhiteFideId "2107660"]
[BlackFideId "13403729"]
[WhiteElo "2756"]
[BlackElo "2507"]
[WhiteTeam "BRA"]
[BlackTeam "AZE"]
[WhiteClock "0:00:04"]
[BlackClock "0:00:01"]

1. Nf3 d5 2. c4 c6 3. d4 Nf6 4. Nc3 dxc4 5. a4 Bf5 6. Nh4 Bc8 7. e3 e6 8. Bxc4 c5 9. O-O cxd4 10. exd4 Be7 11. Re1 O-O 12. Nf3 Nbd7 13. a5 Bb4 14. Qa4 Bxc3 15. bxc3 Nd5 16. Qb3 N7f6 17. Bd3 Qc7 18. c4 Nf4 19. Bf1 Rd8 20. Bb2 Rb8 21. Ne5 b6 22. a6 Bd7 23. Qg3 Ng6 24. d5 Nh5 25. Qg5 f6 26. Qxh5 fxe5 27. Bd3 Be8 28. Rad1 b5 29. Bxe5 Nxe5 30. Qxh7+ Kf8 31. Qh8+ Kf7 32. Qh5+ Kg8 33. Qxe5 Qxe5 34. Rxe5 b4 35. dxe6 Ba4 36. Rd2 b3 37. Ree2 b2 38. Bb1 Rxd2 39. Rxd2 Re8 40. f4 Rxe6 41. Kf2 Rb6 42. g4 Kf7 43. h4 Bb3 44. c5 Rxa6 45. Rxb2 Bd5 46. Bd3 Ra4 47. Ke3 Ra3 48. Kd4 Bc6 49. Bc4+ Kf6 50. Rb3 Ra2 51. Bd3 Ra1 52. g5+ Ke7 53. Rb8 Rh1 54. Rg8 Rxh4 55. Rxg7+ Kf8 56. Rxa7 Rxf4+ 57. Ke5 Rf3 58. Bf5 Rc3 59. Kd6 Be8 60. Be6 Rd3+ 61. Ke5 Re3+ 62. Kf6 Rf3+ 63. Bf5 Rc3 64. g6 Bxg6 65. Bxg6 Rf3+ 66. Bf5 Rxf5+ 67. Kxf5 1-0

[Event "January 9 Early 2024"]
[Site "https://www.chess.com"]
[Date "2024.01.11"]
[Round "5"]
[White "Bacrot, Etienne"]
[Black "Caspi, Israel"]
[Result "1-0"]
[Board "269"]
[TimeControl "180+1"]
[WhiteFideId "605506"]
[BlackFideId "2807394"]
[WhiteElo "2839"]
[BlackElo "2629"]
[WhiteTeam "FRA"]
[BlackTeam "ISR"]
[WhiteClock "0:00:04"]
[BlackClock "0:00:03"]

1. e4 e5 2. Nf3 Nc6 3. Bc4 Nf6 4. d3 Bc5 5. Nc3 d6 6. Na4 Bb6 7. Nxb6 axb6 8. c3 O-O 9. O-O Ne7 10. Re1 Ng6 11. d4 Bg4 12. h3 Bd7 13. Bb3 h6 14. Bc2 Re8 15. dxe5 dxe5 16. Be3 Bc6 17. Nd2 b5 18. Qf3 Qe7 19. Nf1 Nh4 20. Qg3 Nxe4 21. Bxe4 Bxe4 22. Bxh6 Nf5 23. Qg4 Bd3 24. Bf4 Qf6 25. Bg5 Qg6 26. Rad1 Nd6 27. a3 f6 28. Rxd3 Qxg5 29. Qxg5 fxg5 30. Ne3 Nf7 31. Rd7 Rac8 32. Nd5 Red8 33. Rxc7 Rxc7 34. Nxc7 Rd2 35. Rb1 e4 36. Nxb5 Ne5 37. Nd4 Nd3 38. Rf1 Nxb2 39. Re1 Nc4 40. Rxe4 Nxa3 41. Re7 b5 42. Nf5 g6 43. Rg7+ Kf8 44. Rxg6 Rd3 45. Rc6 Rd5 46. Ne3 Re5 47. g3 Ke7 48. Kg2 Kd7 49. Rg6 Nb1 50. Nd1 Rd5 51. Ne3 Rc5 52. h4 gxh4 53. gxh4 Nxc3 54. Rg4 Ke6 55. Nc2 Nd5 56. Nd4+ Kf6 57. h5 Ne7 58. h6 Ng6 59. h7 Rc8 60. Nf3 Rh8 61. Ng5 Ne5 62. Rg3 Kf5 63. f4 Ng6 64. Kf3 Nxf4 65. Ne4 Ne6 66. Nd6+ Ke5 67. Nf7+ Kf6 68. Nxh8 Nd4+ 69. Ke4 Nf5 70. Rg6+ Ke7 71. Kxf5 1-0

[Event "January 9 Early 2024"]
[Site "https://www.chess.com"]
[Date "2024.01.11"]
[Round "5"]
[White "Pandey Srishti"]
[Black "Vakhlamov, Igor L."]
[Result "0-1"]
[Board "270"]
[TimeControl "180+1"]
[WhiteFideId "35093290"]
[BlackFideId "24126748"]
[WhiteElo "2468"]
[BlackElo "2758"]
[WhiteTeam "IND"]
[BlackTeam "RUS"]
[WhiteClock "0:00:22"]
[BlackClock "0:00:26"]

1. d4 d5 2. c4 e6 3. Nc3 c5 4. cxd5 cxd4 5. Qxd4 Nc6 6. Qa4 exd5 7. Nf3 d4 8. Ne4 Nf6 9. Nxf6+ Qxf6 10. a3 Bc5 11. g3 O-O 12. Bg2 Re8 13. Qc2 Qf5 14. Qxf5 Bxf5 15. Bf4 Bd3 16. Ng1 Bxe2 17. Nxe2 d3 18. Bf3 dxe2 19. Bxc6 bxc6 20. Rc1 Rad8 21. Be3 Bxe3 22. fxe3 Rxe3 23. Kf2 Re6 24. Rc2 Rde8 25. Re1 f5 26. b4 Kf7 27. Kf3 Re3+ 28. Kf2 R3e6 29. a4 Kf6 30. a5 a6 31. Kf3 Re3+ 32. Kf2 R3e6 33. Kf3 g5 34. h3 h6 35. Rc5 Re3+ 36. Kf2 R8e6 37. Rxc6 Rxc6 38. Kxe3 Rc4 39. Kxe2 Rxb4 40. Rc1 Re4+ 41. Kf3 Re6 42. Rc5 Kg6 43. Rc7 h5 44. Rb7 g4+ 45. hxg4 hxg4+ 46. Kf2 Kf6 47. Rb6 Ke5 48. Rb8 Rd6 49. Re8+ Kd4 50. Rf8 Rd5 51. Rf6 Rxa5 52. Rd6+ Ke5 53. Rd8 Rd5 54. Re8+ Kd4 55. Ra8 a5 56. Ke2 Kc3 57. Ke3 Kb3 58. Rb8+ Ka2 59. Kf4 a4 60. Rf8 a3 61. Rxf5 Rxf5+ 62. Kxf5 Kb3 63. Kxg4 a2 64. Kh5 a1=Q 65. g4 Kc4 66. g5 Kd5 67. Kh6 Ke6 68. Kh7 Kf7 69. g6+ Kf8 70. Kh6 Qh1+ 71. Kg5 Kg7 72. Kf5 Qg2 0-1

[Event "January 9 Early 2024"]
[Site "https://www.chess.com"]
[Date "2024.01.11"]
[Round "5"]
[White "Eugene, Floryan"]
[Black "Bhagyashree Patil"]
[Result "0-1"]
[Board "271"]
[TimeControl "180+1"]
[WhiteFideId "20694784"]
[BlackFideId "25053256"]
[WhiteElo "2562"]
[BlackElo "2344"]
[WhiteTeam "FRA"]
[BlackTeam "IND"]
[WhiteClock "0:00:08"]
[BlackClock "0:00:08"]

1. d4 d5 2. Nc3 Nf6 3. Bf4 e6 4. Nb5 Bd6 5. Nxd6+ cxd6 6. e3 Nc6 7. Nf3 O-O 8. Bd3 Re8 9. Bg5 e5 10. Be2 Be6 11. O-O Qa5 12. Bxf6 gxf6 13. c3 Kf8 14. Nh4 Ke7 15. Bg4 Rg8 16. Nf5+ Kd7 17. h4 Rxg4 18. Qxg4 Ne7 19. Qg7 Nxf5 20. Qxf6 Qd8 21. dxe5 Qxf6 22. exf6 Nxh4 23. f3 Rg8 24. Rf2 Rg6 25. Rd1 Rxf6 26. Rd4 Nf5 27. Ra4 Nxe3 28. Rxa7 Kc7 29. Ra8 Rg6 30. Re2 Nc4 31. Rh8 h6 32. b3 Ne5 33. Kf2 Bf5 34. Rd2 Nd3+ 35. Ke3 Re6+ 36. Kd4 Nf4 37. c4 Ne2+ 38. Rxe2 Rxe2 39. Kxd5 Rxg2 40. Kd4 Be6 41. Rxh6 Rxa2 42. f4 Rf2 43. Rf6 Rf3 44. Ke4 Rxb3 45. Kd4 Rb4 46. f5 Bxc4 47. Kc3 Ra4 48. Rh6 b5 49. Rh8 Ra3+ 50. Kb2 Rf3 51. Kc2 Rf2+ 52. Kc3 Rf3+ 53. Kb4 Kc6 54. Rc8+ Kd5 55. Rh8 Rb3+ 56. Ka5 Rf3 57. Kb4 Rxf5 58. Rd8 Rf3 59. Ka5 f5 60. Rf8 f4 61. Kb4 Rf1 62. Rf5+ Ke4 63. Rh5 d5 64. Kc3 f3 65. Kd2 Rg1 66. Rh2 Rg2+ 0-1

[Event "January 9 Early 2024"]
[Site "https://www.chess.com"]
[Date "2024.01.11"]
[Round "5"]
[White "Skvortsov, Andrei"]
[Black "Sidletskyi, Ivan"]
[Result "1-0"]
[Board "272"]
[TimeControl "180+1"]
[WhiteFideId "24108600"]
[BlackFideId "14156024"]
[WhiteElo "2675"]
[BlackElo "2500"]
[WhiteTeam "MNE"]
[BlackTeam "UKR"]
[WhiteClock "0:00:23"]
[BlackClock "0:00:07"]

1. e4 e6 2. d4 d5 3. exd5 exd5 4. Nf3 Nf6 5. Bd3 c5 6. O-O c4 7. Re1+ Be7 8. Bf1 O-O 9. b3 cxb3 10. axb3 Nc6 11. Ne5 Ne4 12. Nxc6 bxc6 13. Nd2 Bb4 14. Re3 Nxf2 15. Kxf2 Qh4+ 16. Ke2 Qxd4 17. Ra4 a5 18. Nf3 Ba6+ 19. c4 Qg4 20. Kf2 dxc4 21. h3 Qf5 22. Re5 Qb1 23. bxc4 Rad8 24. Rxb4 Qxb4 25. Qc2 f6 26. Re3 a4 27. Ba3 Qb6 28. Bxf8 Rxf8 29. Qxa4 Re8 30. Qb3 Qc5 31. Qc3 f5 32. Qd4 Qxd4 33. Nxd4 Rb8 34. Nxf5 Rf8 35. Rf3 Rb8 36. Ne7+ Kh8 37. Nxc6 Rc8 38. Nb4 Bb7 39. Nd5 Rd8 40. Rd3 h6 41. Rd1 Rf8+ 42. Kg1 Bc6 43. Be2 Rb8 44. Bf3 Rb2 45. Ne7 Ba4 46. Rd8+ Kh7 47. Be4+ g6 48. Nxg6 Kg7 49. Nf4 Rb4 50. Bd5 Rb2 51. Nh5+ Kg6 52. Ng3 Kf6 53. Rh8 Kg7 54. Rg8+ Kf6 55. Rg6+ Ke5 56. Rxh6 Kf4 57. Kh2 Bc2 58. Rf6+ Ke5 59. Rf2 Ra2 60. h4 Kd4 61. h5 Ke5 62. h6 Bh7 63. Rxa2 Kf6 64. Ra6+ Kg5 65. Rd6 Kh4 66. c5 Bd3 67. c6 Be2 68. c7 Bg4 69. Rf6 Kg5 70. Rb6 Bc8 71. h7 Kg4 72. h8=Q Bf5 73. Qg7+ Kf4 74. Rb4+ Be4 75. c8=Q 1-0

[Event "January 9 Early 2024"]
[Site "https://www.chess.com"]
[Date "2024.01.11"]
[Round "5"]
[White "Lysyj, Igor"]
[Black "Svane, Rasmus"]
[Result "0-1"]
[Board "273"]
[TimeControl "180+1"]
[WhiteFideId "4150120"]
[BlackFideId "4657101"]
[WhiteElo "2856"]
[BlackElo "3022"]
[WhiteTeam "FID"]
[BlackTeam "GER"]
[WhiteClock "0:00:02"]
[BlackClock "0:00:06"]

1. d4 d5 2. c4 e6 3. Nf3 a6 4. cxd5 exd5 5. Nc3 Nf6 6. Bg5 Be6 7. e3 Nbd7 8. Bd3 Bd6 9. O-O c6 10. Bf4 Qc7 11. Qd2 O-O 12. h3 g6 13. Rfe1 Rfe8 14. b4 Nh5 15. Bh2 Bxh2+ 16. Nxh2 Ng7 17. a4 Nb6 18. Nf3 Bf5 19. Bf1 Red8 20. Rec1 Qe7 21. Qb2 Ne8 22. a5 Nd7 23. Na4 Nd6 24. Nc5 Re8 25. Re1 Qd8 26. Nd2 Nf6 27. f3 Qc7 28. Qc3 Re7 29. g4 Nb5 30. Qb2 Bd7 31. Bg2 h5 32. Nf1 Rae8 33. Qf2 hxg4 34. hxg4 Kg7 35. g5 Nh5 36. Rac1 Bc8 37. f4 Kg8 38. Ng3 Nxg3 39. Qxg3 Nd6 40. Nd3 Nf5 41. Qf2 Nxe3 42. Ne5 Ng4 43. Qh4 Kg7 44. Nxg4 Rxe1+ 45. Rxe1 Rxe1+ 46. Qxe1 Bxg4 47. Qe5+ Qxe5 48. dxe5 Kf8 49. Kf2 d4 50. Bf3 Bf5 51. Ke2 Ke7 52. Kd2 Ke6 53. Bg2 Bb1 54. Bh3+ Kd5 55. Bc8 Kc4 56. Bxb7 Kxb4 57. Bxa6 Ba2 58. Bb7 Kxa5 59. Bxc6 Kb6 60. Be4 Kc5 61. f5 gxf5 62. Bxf5 Kd5 63. e6 fxe6 64. Bd3 e5 65. g6 e4 66. g7 Ke5 67. Bf1 Be6 68. Bg2 Bd5 69. Bf1 Kf6 70. Be2 Kxg7 71. Bf1 Kf6 0-1

[Event "January 9 Early 2024"]
[Site "https://www.chess.com"]
[Date "2024.01.11"]
[Round "5"]
[White "Pinero Rodriguez, Carlos Jose"]
[Black "Hayrapetyan, Hovik"]
[Result "0-1"]
[Board "274"]
[TimeControl "180+1"]
[WhiteFideId "3901726"]
[BlackFideId "13302639"]
[WhiteElo "2566"]
[BlackElo "2806"]
[WhiteTeam "VEN"]
[BlackTeam "ARM"]
[WhiteClock "0:00:06"]
[BlackClock "0:00:06"]

1. e4 c5 2. Nf3 d6 3. d4 cxd4 4. Nxd4 Nf6 5. Nc3 a6 6. Bg5 Nbd7 7. f4 Qc7 8. Qe2 h6 9. Bxf6 Nxf6 10. e5 dxe5 11. fxe5 Bg4 12. Qe3 Nd7 13. e6 Bxe6 14. Nxe6 fxe6 15. Qxe6 O-O-O 16. O-O-O Kb8 17. Nd5 Qe5 18. Qxe5+ Nxe5 19. Be2 g5 20. c3 e6 21. Ne3 Bc5 22. Ng4 Nxg4 23. Bxg4 e5 24. Rhe1 Rxd1+ 25. Kxd1 Re8 26. Bf3 b5 27. Kc2 Kc7 28. a4 bxa4 29. Re4 a3 30. b4 Bd6 31. Kb3 a5 32. Kxa3 axb4+ 33. cxb4 Ra8+ 34. Kb3 Ra1 35. h3 Kd7 36. Rc4 Ke6 37. Bg4+ Kd5 38. Bf3+ Ke6 39. Bg4+ Ke7 40. Bf3 Rb1+ 41. Ka4 Ke6 42. Kb5 Ke7 43. Ka5 Ra1+ 44. Kb6 Ra4 45. Kb5 Ra1 46. Kc6 Ra4 47. Kb5 Ra2 48. Bd5 Rd2 49. Bf3 Rb2 50. Ka5 Rb1 51. b5 Ke6 52. Ka6 h5 53. Bxh5 Kd5 54. Rc6 e4 55. Bf7+ Ke5 56. Kb6 e3 57. Bc4 Rc1 58. Rc8 Kd4 59. Rc6 Rxc4 60. Rxd6+ Ke5 61. Rd8 Re4 62. Re8+ Kf4 63. Rxe4+ Kxe4 64. Ka7 e2 65. b6 e1=Q 66. b7 Qa5+ 67. Kb8 Kd5 68. Kc8 Qc5+ 69. Kd8 Qd6+ 70. Kc8 Kc6 71. b8=Q Qd7# 0-1

[Event "January 9 Early 2024"]
[Site "https://www.chess.com"]
[Date "2024.01.11"]
[Round "5"]
[White "Filipovic, Slobodan J"]
[Black "Md, Sariatullah"]
[Result "0-1"]
[Board "275"]
[TimeControl "180+1"]
[WhiteFideId "939633"]
[BlackFideId "10207333"]
[WhiteElo "2396"]
[BlackElo "2228"]
[WhiteTeam "SRB"]
[BlackTeam "BAN"]
[WhiteClock "0:00:01"]
[BlackClock "0:00:03"]

1. c4 Nf6 2. Nc3 e6 3. g3 Bb4 4. Na4 O-O 5. a3 Be7 6. Bg2 d5 7. cxd5 Nxd5 8. e4 Nb6 9. Nxb6 axb6 10. d4 Nc6 11. Ne2 h5 12. h4 e5 13. d5 Nd4 14. Nxd4 exd4 15. Qxd4 c6 16. Bf4 cxd5 17. exd5 Bf6 18. Qd2 Re8+ 19. Kf1 Bd7 20. Bf3 g6 21. Kg2 Bf5 22. Rhe1 Qd7 23. Rxe8+ Rxe8 24. d6 Be4 25. Bxe4 Rxe4 26. Re1 Rd4 27. Qe3 Kg7 28. Qe8 Rxd6 29. Bxd6 Qxd6 30. Qe2 Qc5 31. Rd1 b5 32. b4 Qc3 33. Rd3 Qc4 34. Qf3 Qc7 35. Qd5 Qb6 36. Rf3 Qa6 37. Qe4 Qb6 38. Qf4 Qc6 39. Kh2 Qe6 40. Re3 Qc6 41. Qf3 Qd6 42. Kg2 Qc7 43. Re4 b6 44. Rf4 Qd6 45. Re4 Qc6 46. Rf4 Qd6 47. Kh3 Qe6+ 48. Kh2 Qd6 49. Re4 Qc6 50. Qe3 Qd6 51. Qe2 Qc6 52. Re8 Qd7 53. Ra8 Qd4 54. Kg2 Qd5+ 55. Qf3 Qd6 56. Ra7 Qe6 57. Qb7 Qb3 58. Qxb6 Bd4 59. Qb7 Bxa7 60. Qxa7 Qd5+ 61. Kh2 Qd2 62. Qe3 Qd5 0-1